Description

Taken from YouTube , BondGamePlays: "LA BUILD ORDER UNIVERSAL TERRAN PARA GANAR A TODAS LAS RAZAS!! - BO TERRAN"

Build Order

Get SALT Encoding   

  14  0:18  Supply Depot  
  15  0:40  Barracks  
  16  0:45  Refinery  Do VCS all time!!
  19  1:28  Reaper  
  19  1:29  Orbital Command  Time for MULES!!
  20  1:46  Command Center  
  20  2:00  Marine  
  22  2:03  Supply Depot  Hey .. Listen !!! Remember the MULE
  23  2:16  Factory  
  23  2:23  Refinery  The second in First Base!
  23  2:26  Barracks Reactor  
  25  2:43  Bunker  In front line , in second base
  26  2:59  Orbital Command  In second Base , MORE MULES !!
  26  3:04  Marine x2  we got the reactor :) ... do we have it ?
  29  3:07  Factory Tech Lab  
  32  3:28  Cyclone  We May go for Tanks for defense in "One base All In" attacks
  32  3:31  Starport  
  35  3:36  Marine  
  35  3:38  Refinery  In second Base ...
  38  3:43  Refinery  We need tanks , banshee ... we need GAS
  38  3:49  Supply Depot  Try to do a "Wall" front second base
  40  4:00  Siege Tank  
  45  4:10  Starport Tech Lab  
  45  4:11  Supply Depot  Continue the Wall
  46  4:17  Supply Depot  ... the wall
  47  4:30  Cloaking Field  
  49  4:31  Banshee  We need more scout and harrass
  53  4:43  Siege Tank  
  58  4:56  Fusion Core  xD heavy ship coming
  59  5:03  Starport  
  61  5:14  Banshee  
  67  5:39  Starport Tech Lab  
  67  5:46  Command Center  
  69  5:57  Battlecruiser  prepare weapons
  69  5:58  Engineering Bay  
  75  6:06  Battlecruiser  
  85  6:31  Armory x2  We need the upgrades for BC
  87  7:02  Battlecruiser  
  87  7:06  Refinery x2  
  93  7:11  Battlecruiser  
  101  7:26  Planetary Fortress  
  101  7:43  Terran Ship Weapons Level 1  
  101  7:45  Terran Vehicle And Ship Armor Level 1  
  101  7:49  Drilling Claws  The mines are love!
  103  8:09  Battlecruiser  
  111  8:19  Sensor Tower  Optional , recomended , in second-third base base
  111  8:32  Battlecruiser  
  117  8:44  Starport  
  117  8:47  Widow Mine x2  we need it .. thats the magic
  121  8:50  Command Center  
  121  9:02  Refinery  
  121  9:07  Starport  
  121  9:09  Refinery  
  121  9:13  Battlecruiser  
  130  9:36  Battlecruiser  
  136  9:42  Terran Vehicle And Ship Armor Level 2  
  136  9:43  Terran Ship Weapons Level 2  
  136  9:45  Starport Tech Lab  
  140  10:00  Action  
Spawning Tool Build Advisor. Get it on Overwolf

Go to:

Details

  • Created by: arks20
  • Published on: Apr 20, 2019
  • Modified on: Apr 20, 2019
  • Patch: 4.7.1
Show
View Real Time Build Order
Export as new Build Order

Comments (0)

There are no comments. Be the first!

Create an account to comment!